 Dungeon Crawl Stone Soup version 0.18.1-50-g88ac8fd (webtiles) character file.

35 magog001 the Vandal (level 3, -1/23 HPs)
             Began as a Halfling Arcane Marksman on Sept 19, 2017.
             Slain by an adder (3 damage)
             ... on level 1 of the Dungeon on Sept 20, 2017.
             The game lasted 00:09:48 (969 turns).

magog001 the Vandal (Halfling Arcane Marksman)       Turns: 969, Time: 00:09:48

Health: -1/23      AC:  2    Str: 11    XL:     3   Next: 55%
Magic:  5/5        EV: 14    Int: 13    God:
Gold:   46         SH:  0    Dex: 13    Spells: 1 memorised, 3 levels left

rFire  . . .     SeeInvis .     a - +0 hunting sling
rCold  . . .     Gourm    .     b - +0 robe
rNeg   . . .     Faith    .     (shield restricted)
rPois  .         Spirit   .     (no helmet)
rElec  .         Dismiss  .     (no cloak)
rCorr  .         Reflect  .     (no gloves)
SustAt .         Harm     .     (no boots)
MR     .....                    (no amulet)
Stlth  ++........               (no ring)
                                (no ring)

@: lethally poisoned (-1 -> -5), flying, not resistant to hostile enchantments,
unstealthy
A: mutation resistance 1
a: no special abilities


You were on level 1 of the Dungeon.
You were not hungry.

You visited 1 branch of the dungeon, and saw 2 of its levels.

You collected 46 gold pieces.

Inventory:

Hand Weapons
 a - a +0 hunting sling (weapon)
Missiles
 d - 6 sling bullets (quivered)
 j - 4 stones
Armour
 b - a +0 robe (worn)
Scrolls
 h - a scroll of amnesia {unknown}
Potions
 e - a potion of flight
Books
 c - a book of Debilitation

   Spells                             Type                      Level
   a - Corona                         Hexes                        1
   b - Slow                           Hexes                        2
   c - Gell's Gravitas                Hexes/Translocation          3
   d - Inner Flame                    Hexes/Fire                   3
   e - Cause Fear                     Hexes                        4
   f - Leda's Liquefaction            Hexes/Earth                  4
Comestibles
 f - a bread ration
 g - a meat ration
 i - 2 chunks of flesh


   Skills:
 * Level 1.2 Fighting
 + Level 3.2 Slings
 + Level 2.2 Dodging
 * Level 1.3 Stealth
 * Level 1.3 Spellcasting
 + Level 3.1 Hexes


You had 3 spell levels left.
You knew the following spells:

 Your Spells              Type           Power        Failure   Level  Hunger
a - Corona                Hex            #......      10%         1    ##.....


Dungeon Overview and Level Annotations

Branches:
Dungeon (2/15)

Altars:


Innate Abilities, Weirdness & Mutations

You are small and have problems with some larger weapons.
You are somewhat resistant to further mutation.


Message History

You see here a dagger.
The jackal barely misses you. The jackal closely misses you.
The jackal bites you. The jackal barely misses you.
The jackal bites you but does no damage.
The jackal bites you. The adder bites you.
You are poisoned.
The adder poisons you!
You feel sick.
You feel sick. The adder bites you.
* * * LOW HITPOINT WARNING * * *
Drink which item? (? for menu, Esc to quit)
It was a potion of flight.
You feel very buoyant.
You fly up into the air.
The adder misses you.
* * * LOW HITPOINT WARNING * * *
You feel sick. The adder bites you.
You die...

..........S.#.............♣♣♣♣♣♣♣
....♣.♣.♣#♣.♣.......######......#
.............#####.## ###.....###
8'8###...##### ##.####.......#
≈.≈≈≈##..# ##.............#
.P.≈≈≈##.# #...####.......#
.8..P≈≈### #...#.♣♣♣♣P♣♣#.#
.....≈≈≈########Sh..♣♣♣♣P..♣♣.#
.<..8.P≈##.....#@..♣P.)..≈P♣♣.#
.....≈≈≈#..........♣.P♣.≈≈≈P♣.#
.8..P≈≈##..........♣.♣PP≈≈≈♣♣.#
.P.≈≈≈##..........)..#♣P.≈P♣♣##
≈≈≈≈≈##..........#.###♣♣♣♣♣♣.#
######......♣♣♣♣.#)# ♣♣♣..#
...........♣♣.♣♣♣#.#### #.#.#
)..........♣....♣.)...###...###
..........♣♣P♣.P♣..#..........#


You could see an adder and a jackal.

Vanquished Creatures
  A dart slug (D:1)
  A giant gecko (D:1)
  A ball python (D:1)
  2 bats (D:1)
  3 giant cockroaches (D:1)
  3 goblins (D:1)
  7 hobgoblins (D:1)
  2 jackals (D:2)
  3 kobolds (D:1)
  A giant newt (D:1)
  2 rats (D:1)
26 creatures vanquished.

Notes
Turn   | Place    | Note
--------------------------------------------------------------
     0 | D:1      | magog001 the Halfling Arcane Marksman began the quest for the Orb.
     0 | D:1      | Reached XP level 1. HP: 12/12 MP: 2/2
    19 | D:1      | Reached skill level 1 in Fighting
    85 | D:1      | Reached XP level 2. HP: 18/18 MP: 1/3
   104 | D:1      | Reached skill level 1 in Stealth
   454 | D:1      | Reached XP level 3. HP: 21/23 MP: 1/4
   969 | D:1      | Slain by an adder

Skill      XL: |  1  2 |
---------------+-------+-----
Fighting       | 1 |  1.2
Stealth        | 1 |  1.3
Hexes          | 3 |  3.1
Slings         | |  3.2
Dodging        | |  2.2
Spellcasting   | |  1.3

Action                   || total
-------------------------++-------
 Fire: Hunting sling     ||    73
 Cast: Corona            ||    17
  Use: Potion            ||     1
  Eat: Chunk             ||     1
Armor: Robe              ||     2
Dodge: Dodged            ||    42
